 Dungeon Crawl Stone Soup version 0.23-a0-296-ga3b1b28 (webtiles) character file.

3462 tsouns the Fighter (level 9, -3/81 HPs)
             Began as a Grey Draconian Wanderer on Oct 4, 2018.
             Was a Priest of Okawaru.
             Slain by an orc warrior
             ... wielding a cursed -2 hand axe
              (19 damage)
             ... on level 9 of the Dungeon on Oct 5, 2018.
             The game lasted 00:29:15 (8396 turns).

tsouns the Fighter (Grey Draconian Wanderer)        Turns: 8396, Time: 00:29:16

Health: -3/81      AC:  2    Str: 17    XL:     9   Next: 78%
Magic:  6/12       EV: 21    Int: 16    God:    Okawaru [***...]
Gold:   316        SH:  0    Dex: 15    Spells: 1/12 levels left

rFire    . . .     SeeInvis .     - Unarmed
rCold    . . .     Gourm    .   (shield currently unavailable)
rNeg     . . .     Faith    .   (armour unavailable)
rPois    x         Spirit   .   (helmet currently unavailable)
rElec    .         Reflect  .   (cloak currently unavailable)
rCorr    +         Harm     .   (gloves currently unavailable)
MR       .....                  (boots currently unavailable)
Stlth    +++.......             m - amulet of the acrobat
HPRegen  0.23/turn              l - ring of resist corrosion
MPRegen  0.13/turn              g - ring of stealth

@: spider-form (expiring), very slightly contaminated
A: tiny, (walk through water), unfitting armour, strong 1, AC +12
a: End Transformation, Heroism, Renounce Religion


You were on level 9 of the Dungeon.
You worshipped Okawaru.
Okawaru was most pleased with you.
You were not hungry.
You were a venomous arachnid creature.
You visited 2 branches of the dungeon, and saw 10 of its levels.

You collected 316 gold pieces.

Inventory:

Hand Weapons
 a - a +2 shortbow (melded)
 d - a +1 hand axe of draining
Missiles
 b - 91 arrows
 i - 220 stones (quivered)
 j - 96 sling bullets
 t - 7 tomahawks
 u - 7 needles of confusion
Armour
 r - a +0 pair of boots (melded)
Jewellery
 g - a ring of stealth (right front leg)
 l - a ring of resist corrosion (left front leg)
 m - an amulet of the acrobat (around neck)
Scrolls
 k - 2 scrolls of immolation
 q - 3 scrolls of remove curse
Potions
 c - a potion of haste {unknown}
 o - 4 potions of invisibility {unknown}
 p - 3 potions of degeneration {unknown}
 s - a potion of agility {unknown}
 w - a potion of flight {unknown}
 z - 2 potions of heal wounds {unknown}
Comestibles
 f - 7 rations
 n - 4 chunks of flesh


   Skills:
 + Level 8.3 Fighting
 - Level 2.0 Axes
   Level 0.4(1.3) Polearms
 - Level 4.7 Bows
 + Level 3.8 Dodging
 - Level 2.1 Stealth
 * Level 8.3 Unarmed Combat
 + Level 2.1 Spellcasting
 + Level 4.3 Transmutations
 - Level 2.8 Invocations


You had one spell level left.
You knew the following spells:

 Your Spells              Type           Power        Failure   Level  Hunger
a - Beastly Appendage     Tmut           ###...       12%         1    #......
b - Spider Form           Tmut/Pois      #.........   47%         3    ###....
c - Sticks to Snakes      Tmut           ###.....     16%         2    ###....
d - Ice Form              Ice/Tmut       #.......     82%         4    #####..
e - Animate Skeleton      Necr           N/A          41%         1    #......

Your spell library contained the following spells:

 Spells                   Type           Power        Failure   Level  Hunger
 Pain                     Necr           #...         41%         1    #......
 Regeneration             Chrm/Necr      #.........   73%         3    ###....
 Vampiric Draining        Necr           #.........   73%         3    ###....
 Blade Hands              Tmut           ###.......   85%         5    ######.
 Animate Dead             Necr           N/A          97%         4    #####..


Dungeon Overview and Level Annotations

Branches:
Dungeon (9/15)             Temple (1/1) D:4
   Lair: D:8-11         Orc: D:9-12

Altars:
Ashenzari
Cheibriados
Dithmenos
Elyvilon
Fedhas
Gozag
Hepliaklqana
Kikubaaqudgha
Makhleb
Nemelex Xobeh
Okawaru
Qazlal
Ru
Sif Muna
Trog
Uskayaw
Vehumet
Wu Jian
Xom
Yredelemnul
Zin
The Shining One


Innate Abilities, Weirdness & Mutations

((You can walk through water.))
((Your dull iron-grey scales are very hard. (AC +12)))
You cannot fit into any form of body armour.
((You can survive without breathing.))
((You are cold-blooded and may be slowed by cold attacks.))
((You have large cloven feet.))
Your muscles are strong. (Str +2)


Message History

The orc warrior is heavily wounded.
The orc warrior hits you with an enchanted hand axe!!
* * * LOW HITPOINT WARNING * * *
Some of the chunks of flesh in your inventory have rotted away.
You hit the orc warrior.
The orc warrior is severely wounded.
The orc warrior completely misses you.
You hit the orc warrior but do no damage.
The orc warrior looks as sick as possible!
The orc warrior is severely wounded.
The orc warrior misses you.
Your transformation is almost over.
You hit the orc warrior but do no damage.
The orc warrior looks as sick as possible!
The orc warrior is severely wounded.
You hit the orc warrior.
The orc warrior looks as sick as possible!
The orc warrior is almost dead.
The orc warrior hits you with an enchanted hand axe!!
You die...

###### #....#
#....# #....###
#....#.#
###########
#....'.#
#.........#
#....#.#
#.#######.#
#so..#(# #.# #.#
#....#(#
#.#######.#
#....#(#
#.........#
##'###.#
#..############.#
#.#
###.Z#............#
#(#
.......############
#'# .......#
......(...#
.......#
..≈≈≈≈;;≈.#


You could see an orc warrior.

Vanquished Creatures
  Joseph (D:7)
  A hippogriff (D:9)
  2 orc warriors (D:7)
  3 ice beasts
  3 sky beasts
  A black bear (D:8)
  2 ogres
  A necrophage (D:6)
  4 centaurs
  5 bullfrogs
  A scorpion (D:4)
  4 wights (D:8)
  3 howler monkeys
  A crimson imp (D:7)
  A centaur zombie (D:8)
  5 orc priests
  3 hounds
  A jelly (D:6)
  A centaur skeleton (D:5)
  2 orc wizards
  An iguana (D:6)
  7 worker ants
  A killer bee zombie (D:8)
  A hound zombie (D:6)
  A hound skeleton (D:6)
  A worker ant zombie (D:5)
  3 gnolls (D:8)
  5 adders
  A shadow imp (D:5)
  2 oozes
  An adder skeleton (D:6)
  2 worms
  5 dart slugs
  8 leopard geckos
  19 orcs
  3 ball pythons
  7 bats
  7 giant cockroaches
  7 goblins
  8 hobgoblins
  9 jackals
  7 kobolds
  3 quokkas
  3 frilled lizards
  A jackal skeleton (D:7)
  A quokka zombie (D:7)
  13 rats
172 creatures vanquished.

Notes
Turn   | Place    | Note
-------+----------+-------------------------------------------
     0 | D:1      | tsouns the Draconian Wanderer began the quest for the Orb.
     0 | D:1      | tsouns set off with: a +2 shortbow, 24 arrows, a potion of
                  | lignification, a potion of curing, a +0 dagger, a ration
     0 | D:1      | Reached XP level 1. HP: 19/19 MP: 1/1
   228 | D:1      | Reached XP level 2. HP: 24/26 MP: 2/2
   466 | D:1      | Reached XP level 3. HP: 33/33 MP: 3/3
   863 | D:2      | Learned a level 1 spell: Beastly Appendage
  1012 | D:2      | You fall through a shaft for 2 floors!
  1021 | D:4      | Found a staircase to the Ecumenical Temple.
  1224 | D:3      | Reached XP level 4. HP: 27/40 MP: 1/4
  1449 | D:2      | Found a burning altar of Makhleb.
  1474 | D:2      | Found a radiant altar of Vehumet.
  1475 | D:2      | Found a shimmering altar of Xom.
  2261 | D:3      | Reached skill level 1 in Unarmed Combat
  2321 | D:3      | Reached XP level 5. HP: 12/47 MP: 5/5
  2784 | Temple   | Entered the Ecumenical Temple
  2940 | Temple   | Became a worshipper of Warmaster Okawaru
  3084 | D:4      | You fall through a shaft for 3 floors!
  3223 | D:5      | Entered Level 5 of the Dungeon
  3223 | D:5      | Noticed an ice beast
  3233 | D:5      | Reached skill level 1 in Transmutations
  3241 | D:5      | Reached XP level 6. HP: 35/55 MP: 4/6
  3345 | D:5      | Reached skill level 5 in Fighting
  4149 | D:5      | Killed an ice beast
  4149 | D:5      | Your scales start taking on a dull iron-grey colour.
  4149 | D:5      | Reached XP level 7. HP: 61/61 MP: 7/7
  4149 | D:5      | Gained mutation: You can survive without breathing. [Grey
                  | Draconian growth]
  4156 | D:5      | Found a snail-covered altar of Cheibriados.
  4230 | D:5      | Reached * piety under Okawaru
  4371 | D:5      | Learned a level 3 spell: Spider Form
  4374 | D:5      | Learned a level 2 spell: Sticks to Snakes
  4607 | D:5      | Reached skill level 5 in Unarmed Combat
  4607 | D:5      | Reached skill level 1 in Spellcasting
  4787 | D:6      | Reached XP level 8. HP: 12/70 MP: 7/10
  5303 | D:6      | Reached skill level 1 in Dodging
  5303 | D:6      | Reached skill level 1 in Invocations
  5406 | D:6      | Reached ** piety under Okawaru
  5764 | D:6      | Found a burning altar of Makhleb.
  6051 | D:7      | Noticed a hornet
  6063 | D:7      | Paralysed by a hornet for 3 turns
  6540 | D:7      | Noticed Joseph
  6577 | D:7      | Killed Joseph
  6577 | D:7      | Reached XP level 9. HP: 51/79 MP: 6/11
  6704 | D:6      | Learned a level 4 spell: Ice Form
  6825 | D:7      | Gained mutation: You have large cloven feet. [potion of
                  | mutation]
  6825 | D:7      | Gained mutation: Your mind is acute. (Int +2) [potion of
                  | mutation]
  6825 | D:7      | Lost mutation: Your mind is acute. (Int +2) [potion of
                  | mutation]
  6825 | D:7      | Gained mutation: Your muscles are strong. (Str +2) [potion
                  | of mutation]
  6841 | D:7      | Upgraded the game from 0.23-a0-295-g2e428d4 to
                  | 0.23-a0-296-ga3b1b28
  7323 | D:7      | Reached *** piety under Okawaru
  7815 | D:8      | Learned a level 1 spell: Animate Skeleton
  7937 | D:8      | Found a white marble altar of Elyvilon.
  8396 | D:9      | Slain by an orc warrior

Vault maps used:
D:1:      wheals_arrival_linesprint, grunt_decor_one_mirror,
          kennysheep_small_spiral
D:2:      lemuel_doored_altar, gammafunk_temple_overflow_statue
D:3:      grunt_ministairs_4, kennysheep_big_empty_room
D:4:      minmay_temple_entry_statues
D:5:      first_ration, kennysheep_slug_shrine
D:6:      makhleb_blood_cavern_becter
D:7:      minmay_the_grid_octo_tiled_squarecenter, basic_altar, uniq_joseph,
          uniq_harold
D:8:      kennysheep_mini_moat
Temple:   regret_index_temple_mists

Skill      XL: |  1  2  3  4  5  6  7  8  9 |
---------------+----------------------------+-----
Bows           | 3 4 |  4.7
Stealth        | 2 |  2.1
Fighting       | 4 5 6 7 8 |  8.3
Unarmed Combat | 1 2 4 5 6 8 |  8.3
Transmutations | 1 2 3 4 |  4.3
Spellcasting   | 1 2 |  2.1
Dodging        | 2 3 |  3.8
Invocations    | 2 |  2.8
Axes           | |  2.0
Polearms       | |  0.4

Action                   |  1- 3 |  4- 6 |  7- 9 || total
-------------------------+-------+-------+-------++-------
Melee: Unarmed           |    66 |   188 |   283 ||   537
       Tailslap          |    10 |    22 |    21 ||    53
       Spear             |    10 |       |       ||    10
       Kick              |     7 |     5 |    20 ||    32
       Headbutt          |     4 |    11 |    12 ||    27
       Punch             |     1 |     1 |     5 ||     7
 Fire: Shortbow          |    67 |    43 |   129 ||   239
Throw: Stone             |       |    11 |       ||    11
 Cast: Beastly Appendage |     8 |    13 |    11 ||    32
       Spider Form       |       |       |    10 ||    10
       Sticks to Snakes  |       |       |     3 ||     3
       Animate Skeleton  |       |       |     6 ||     6
Invok: Heroism           |       |       |     1 ||     1
  Use: Scroll            |     2 |     6 |     6 ||    14
       Potion            |       |     2 |     6 ||     8
 Stab: Sleeping          |       |     8 |     4 ||    12
  Eat: Chunk             |     1 |    11 |     6 ||    18
       Ration            |       |       |     3 ||     3
Armor: Skin              |    22 |    68 |    92 ||   182
Dodge: Dodged            |    59 |   112 |   203 ||   374

Table legend:
 A = Non-vault XP
 B = Vault XP
 C = Vault XP percentage of total XP
 D = Non-vault monster count
 E = Vault monster count
 F = Vault count percentage of total count
                 A         B        C        D         E       F
            +---------+---------+-------+---------+---------+-------
      Total |    4133 |     814 |  16.5 |     164 |       8 |   4.7
            +---------+---------+-------+---------+---------+-------
        D:1 |      53 |       0 |   0.0 |      26 |       0 |   0.0
        D:2 |      33 |       0 |   0.0 |      14 |       0 |   0.0
        D:3 |     152 |       3 |   1.9 |      31 |       2 |   6.1
        D:4 |     306 |       0 |   0.0 |      17 |       0 |   0.0
        D:5 |     729 |       4 |   0.5 |      17 |       1 |   5.6
        D:6 |     783 |     135 |  14.7 |      15 |       2 |  11.8
        D:7 |     423 |     672 |  61.4 |      11 |       3 |  21.4
        D:8 |    1337 |       0 |   0.0 |      29 |       0 |   0.0
        D:9 |     317 |       0 |   0.0 |       4 |       0 |   0.0
            +---------+---------+-------+---------+---------+-------
